cohdb
Replays
Latest Replays
All Replays
Popular Replays
Top Player Replays
Match Explorer
How It Works
Community
CoH3 Stats
Reddit
Sign in to upload your games and track your stats! →
Sign in with Steam
Match 27810487
Unlisted
Match 27810487
Overview
Messages
Build Orders
End
Construct Barracks
Selects Advanced Infantry Battlegroup
Riflemen Squad
Riflemen Squad
Grenade Package
Riflemen Squad
Construct Medical Station
Selects Convert to Ranger Squad
Construct Weapon Support Center
Infantry Support Center
Convert to Ranger Squad
Bazooka Squad
Selects Frontline Medical Station
Frontline Medical Station
Convert to Ranger Squad
Selects Artillery Observers
Bazooka Squad
Advanced Logistics
Convert to Ranger Squad
Survival Training
Bazooka Squad
Engineer Squad
Selects Infantry Assault
Infantry Assault
Selects M2A1 105mm Howitzer Emplacement
iAinEng
Sliver Ghost
torn7538
wije
Happy HUN
PEPZE
McAlloway
bigPHUM
0
0
Comments
sign in to comment!
No comments posted yet!